3L
SEATTLE AVIATORS @ PHILADELPHIA 1776 BC
09/16/2024
 
TOP OF THE 1ST
Seattle Aviators batting - Pitching for Philadelphia 1776 BC : RHP Pedro Rodríguez
Pitching: RHP Pedro Rodríguez
Batting: RHB Tynan Hawkins 0-0: Ball
1-0: Ball
2-0: Fly out, F9 (Flyball, 89M)
Batting: RHB Tanyu Kimura 0-0: Called Strike
0-1: Foul Ball, location: 2F
0-2: Ball
1-2: Foul Ball, location: 2F
1-2: Foul Ball, location: 2F
1-2: Strikes out swinging
Batting: LHB Jorge Mojica 0-0: Called Strike
0-1: Ball
1-1: Ball
2-1: Foul Ball, location: 2F
2-2: Foul Ball, location: 2F
2-2: Fly out, F7 (Flyball, 7D)
Top of the 1st over - 0 run(s), 0 hit(s), 0 error(s), 0 left on base; Seattle 0 - Philadelphia 1776 0
BOTTOM OF THE 1ST
Philadelphia 1776 BC batting - Pitching for Seattle Aviators : RHP José Trujillo
Pitching: RHP José Trujillo
Batting: RHB Jesús Orozco 0-0: Ball
1-0: Called Strike
1-1: Ball
2-1: Fly out, F9 (Flyball, 9M)
Batting: LHB Cliff Aldridge 0-0: Fly out, F7 (Flyball, 7M)
Batting: LHB Héctor Torres 0-0: Called Strike
0-1: Ball
1-1: Ball
2-1: Ground out 4-3 (Groundball, 4)
Bottom of the 1st over - 0 run(s), 0 hit(s), 0 error(s), 0 left on base; Seattle 0 - Philadelphia 1776 0
TOP OF THE 2ND
Seattle Aviators batting - Pitching for Philadelphia 1776 BC : RHP Pedro Rodríguez
Batting: LHB Kenny Webster 0-0: Ball
1-0: Ball
2-0: Ball
3-0: Base on Balls
Batting: RHB Sean Davis 0-0: Ball
1-0: Fly out, F7 (Flyball, 7M)
Batting: RHB Vernon Caw 0-0: Called Strike
0-1: SINGLE (Line Drive, 6MD)
Kenny Webster to second
Batting: LHB Brad Lawrence 0-0: Called Strike
0-1: Called Strike
0-2: Ball
1-2: Strikes out swinging
Batting: RHB Brian Williams 0-0: Foul Ball, location: 2F
0-1: Swinging Strike
0-2: Foul Ball, location: 2F
0-2: Ball
1-2: Strikes out swinging
Top of the 2nd over - 0 run(s), 1 hit(s), 0 error(s), 2 left on base; Seattle 0 - Philadelphia 1776 0
BOTTOM OF THE 2ND
Philadelphia 1776 BC batting - Pitching for Seattle Aviators : RHP José Trujillo
Batting: RHB Jesús Rodríguez 0-0: Ball
1-0: Ball
2-0: SINGLE (Line Drive, 9LS)
Batting: RHB Russell Jackson 0-0: Ball
Jesús Rodríguez steals 2nd base
1-0: Called Strike
1-1: Foul Ball, location: 2F
1-2: Ball
2-2: Ball
3-2: Foul Ball, location: 2F
3-2: Ground out 6-3 (Groundball, 6M)
Jesús Rodríguez to third
Batting: RHB António Granados 0-0: Foul Ball, location: 2F
0-1: Fly out, F8 (Flyball, 8LXD)
Runner from 3rd tags up, SCORES, no throw
Batting: RHB Patrizio Vanali 0-0: Called Strike
0-1: Ground out 6-3 (Groundball, 6)
Bottom of the 2nd over - 1 run(s), 1 hit(s), 0 error(s), 0 left on base; Seattle 0 - Philadelphia 1776 1
TOP OF THE 3RD
Seattle Aviators batting - Pitching for Philadelphia 1776 BC : RHP Pedro Rodríguez
Batting: RHB Kenzaburo Hori 0-0: Called Strike
0-1: Ball
1-1: Swinging Strike
1-2: Foul Ball, location: 2F
1-2: Ball
2-2: Foul Ball, location: 2F
2-2: Ball
3-2: Foul Ball, location: 2F
3-2: Base on Balls
Batting: RHB Tynan Hawkins 0-0: Ball
1-0: Called Strike
1-1: Swinging Strike
1-2: Strikes out swinging
Batting: RHB Tanyu Kimura 0-0: Called Strike
0-1: Fly out, F8 (Flyball, 8LM)
Batting: LHB Jorge Mojica 0-0: Ball
Kenzaburo Hori steals 2nd base
1-0: Hit by Pitch
Batting: LHB Kenny Webster 0-0: Called Strike
0-1: Called Strike
0-2: Foul Ball, location: 2F
0-2: Fly out, F7 (Line Drive, 7S)
Top of the 3rd over - 0 run(s), 0 hit(s), 0 error(s), 2 left on base; Seattle 0 - Philadelphia 1776 1
BOTTOM OF THE 3RD
Philadelphia 1776 BC batting - Pitching for Seattle Aviators : RHP José Trujillo
Batting: SHB Jesús Cabañe 0-0: Called Strike
0-1: Ball
1-1: Ball
2-1: Fly out, F8 (Flyball, 8LM)
Batting: RHB Dave Morris 0-0: Called Strike
0-1: Ground out 6-3 (Groundball, 6)
Batting: RHB Jesús Orozco 0-0: Foul Ball, location: 2F
0-1: Ball
1-1: Fly out, F3 (Popup, 3L)
Bottom of the 3rd over - 0 run(s), 0 hit(s), 0 error(s), 0 left on base; Seattle 0 - Philadelphia 1776 1
TOP OF THE 4TH
Seattle Aviators batting - Pitching for Philadelphia 1776 BC : RHP Pedro Rodríguez
Batting: RHB Sean Davis 0-0: Ball
1-0: SINGLE (Flyball, 8RS)
Batting: RHB Vernon Caw 0-0: Called Strike
0-1: Called Strike
0-2: Strikes out swinging
Batting: LHB Brad Lawrence 0-0: Ball
Wild Pitch!
Sean Davis to second
1-0: Called Strike
1-1: Fly out, F8 (Flyball, 8RXD)
Runner from 2nd tags up, SAFE at 3rd, no throw
Batting: RHB Brian Williams 0-0: Swinging Strike
0-1: Foul Ball, location: 2F
0-2: Ball
1-2: Strikes out swinging
Top of the 4th over - 0 run(s), 1 hit(s), 0 error(s), 1 left on base; Seattle 0 - Philadelphia 1776 1
BOTTOM OF THE 4TH
Philadelphia 1776 BC batting - Pitching for Seattle Aviators : RHP José Trujillo
Batting: LHB Cliff Aldridge 0-0: Called Strike
0-1: Foul Ball, location: 2F
0-2: Ball
1-2: Foul Ball, location: 2F
1-2: Ball
2-2: Foul Ball, location: 2F
2-2: Strikes out looking
Batting: LHB Héctor Torres 0-0: Ball
1-0: Ball
2-0: Called Strike
2-1: Ball
3-1: Foul Ball, location: 2F
3-2: Foul Ball, location: 2F
3-2: Foul Ball, location: 2F
3-2: SINGLE (Flyball, 8RS)
Batting: RHB Jesús Rodríguez 0-0: Ball
1-0: Called Strike
1-1: Called Strike
1-2: Ball
2-2: Ball
3-2: Fielders Choice at 2nd, 4-6 (Groundball, 4)
Batting: RHB Russell Jackson 0-0: Reached on error, E6 (Groundball, 6S)
Jesús Rodríguez to second
Batting: RHB António Granados 0-0: Ball
1-0: Ball
2-0: Called Strike
2-1: Ball
3-1: Base on Balls
Jesús Rodríguez to third
Russell Jackson to second
Batting: RHB Patrizio Vanali 0-0: Called Strike
0-1: Fly out, F6 (Line Drive, 56)
Bottom of the 4th over - 0 run(s), 1 hit(s), 1 error(s), 3 left on base; Seattle 0 - Philadelphia 1776 1
TOP OF THE 5TH
Seattle Aviators batting - Pitching for Philadelphia 1776 BC : RHP Pedro Rodríguez
Batting: RHB Kenzaburo Hori 0-0: Called Strike
0-1: Ball
1-1: Swinging Strike
1-2: Strikes out swinging
Batting: RHB Tynan Hawkins 0-0: Ball
1-0: Fly out, F8 (Flyball, 8LM)
Batting: RHB Tanyu Kimura 0-0: Ball
1-0: Foul Ball, location: 2F
1-1: Swinging Strike
1-2: SOLO HOME RUN (Flyball, 7D), Distance : 383 ft
Batting: LHB Jorge Mojica 0-0: Fly out, F8 (Flyball, 8LXD)
Top of the 5th over - 1 run(s), 1 hit(s), 0 error(s), 0 left on base; Seattle 1 - Philadelphia 1776 1
BOTTOM OF THE 5TH
Philadelphia 1776 BC batting - Pitching for Seattle Aviators : RHP José Trujillo
Batting: SHB Jesús Cabañe 0-0: Called Strike
0-1: Ball
1-1: Fly out, F9 (Flyball, 9M)
Batting: RHB Dave Morris 0-0: Ball
1-0: Called Strike
1-1: Ball
2-1: Foul Ball, location: 2F
2-2: Ball
3-2: Foul Ball, location: 2F
3-2: Foul Ball, location: 2F
3-2: Strikes out swinging
Batting: RHB Jesús Orozco 0-0: Ball
1-0: Foul Ball, location: 2F
1-1: Ball
2-1: Foul Ball, location: 2F
2-2: SINGLE (Groundball, 56)
Batting: LHB Cliff Aldridge 0-0: Ball
Jesús Orozco steals 2nd base
1-0: Ball
2-0: Foul Ball, location: 2F
2-1: Ball
3-1: Foul Ball, location: 2F
3-2: Ground out 1-3 (Groundball, 13)
Bottom of the 5th over - 0 run(s), 1 hit(s), 0 error(s), 1 left on base; Seattle 1 - Philadelphia 1776 1
TOP OF THE 6TH
Seattle Aviators batting - Pitching for Philadelphia 1776 BC : RHP Pedro Rodríguez
Batting: LHB Kenny Webster 0-0: Ball
1-0: Swinging Strike
1-1: Called Strike
1-2: Ball
2-2: Foul Ball, location: 2F
2-2: Fly out, F8 (Flyball, 8RXD)
Batting: RHB Sean Davis 0-0: Called Strike
0-1: Foul Ball, location: 2F
0-2: Ball
1-2: Foul Ball, location: 2F
1-2: Ground out 6-3 (Groundball, 6M)
Batting: RHB Vernon Caw 0-0: Ball
1-0: Called Strike
1-1: Swinging Strike
1-2: Foul Ball, location: 2F
1-2: Ball
2-2: Strikes out swinging
Top of the 6th over - 0 run(s), 0 hit(s), 0 error(s), 0 left on base; Seattle 1 - Philadelphia 1776 1
BOTTOM OF THE 6TH
Philadelphia 1776 BC batting - Pitching for Seattle Aviators : RHP José Trujillo
Batting: LHB Héctor Torres 0-0: Foul Ball, location: 2F
0-1: Ground out 4-3 (Groundball, 4)
Batting: RHB Jesús Rodríguez 0-0: Ball
1-0: Swinging Strike
1-1: Ball
2-1: Ball
3-1: Base on Balls
Batting: RHB Russell Jackson 0-0: Ball
1-0: Foul Ball, location: 2F
1-1: Called Strike
1-2: Ball
2-2: Fly out, F9 (Flyball, 9LS)
Batting: RHB António Granados 0-0: Ball
1-0: Ball
Jesús Rodríguez steals 2nd base
2-0: Fly out, F3 (Popup, 3F)
Bottom of the 6th over - 0 run(s), 0 hit(s), 0 error(s), 1 left on base; Seattle 1 - Philadelphia 1776 1
TOP OF THE 7TH
Seattle Aviators batting - Pitching for Philadelphia 1776 BC : RHP Pedro Rodríguez
Batting: LHB Brad Lawrence 0-0: Ball
1-0: Ball
2-0: Ball
3-0: Base on Balls
Pitching: LHP Luis Torres
Batting: RHB Brian Williams 0-0: Ball
Brad Lawrence is caught stealing 2nd base
1-0: Foul Ball, location: 2F
1-1: Ball
2-1: Foul Ball, location: 2F
2-2: Foul Ball, location: 2F
2-2: SINGLE (Line Drive, 34D)
Batting: RHB Kenzaburo Hori 0-0: Called Strike
0-1: Ball
1-1: Ball
2-1: Ball
3-1: Base on Balls
Brian Williams to second
Batting: RHB Tynan Hawkins 0-0: Called Strike
0-1: Fly out, F7 (Line Drive, 78S)
0-1: Lined into DP, 7-4 (Line Drive, 78S)
Top of the 7th over - 0 run(s), 1 hit(s), 0 error(s), 1 left on base; Seattle 1 - Philadelphia 1776 1
BOTTOM OF THE 7TH
Philadelphia 1776 BC batting - Pitching for Seattle Aviators : RHP José Trujillo
Batting: RHB Patrizio Vanali 0-0: Ball
1-0: Ground out 4-3 (Groundball, 4)
Batting: SHB Jesús Cabañe 0-0: Called Strike
0-1: Foul Ball, location: 2F
0-2: Foul Ball, location: 2F
0-2: Ground out 4-3 (Groundball, 4S)
Batting: RHB Dave Morris 0-0: Fly out, F8 (Flyball, 78XD)
Bottom of the 7th over - 0 run(s), 0 hit(s), 0 error(s), 0 left on base; Seattle 1 - Philadelphia 1776 1
TOP OF THE 8TH
Seattle Aviators batting - Pitching for Philadelphia 1776 BC : LHP Luis Torres
Batting: RHB Tanyu Kimura 0-0: Swinging Strike
0-1: Ball
1-1: Ball
2-1: DOUBLE (Line Drive, 78D)
Batting: LHB Jorge Mojica 0-0: Called Strike
0-1: Swinging Strike
0-2: Strikes out swinging
Batting: LHB Kenny Webster 0-0: Ball
1-0: Called Strike
1-1: Ball
2-1: Swinging Strike
2-2: Ball
3-2: Foul Ball, location: 2F
3-2: SINGLE (Groundball, 34D)
Tanyu Kimura to third
Runner from 3rd tries for Home, SAFE, no throw or cutoff
Batting: RHB Sean Davis 0-0: Swinging Strike
0-1: Called Strike
0-2: Ball
1-2: Ball
2-2: Foul Ball, location: 2F
2-2: Foul Ball, location: 2F
2-2: Foul Ball, location: 2F
2-2: Ball
3-2: Foul Ball, location: 2F
3-2: Base on Balls
Kenny Webster to second
Batting: RHB Vernon Caw 0-0: Ball
1-0: Called Strike
1-1: Grounds into double play, 6-4-3 (Groundball, 6)
Top of the 8th over - 1 run(s), 2 hit(s), 0 error(s), 1 left on base; Seattle 2 - Philadelphia 1776 1
BOTTOM OF THE 8TH
Philadelphia 1776 BC batting - Pitching for Seattle Aviators : RHP José Trujillo
Batting: RHB Jesús Orozco 0-0: Foul Ball, location: 2F
0-1: Called Strike
0-2: Strikes out swinging
Batting: LHB Cliff Aldridge 0-0: Ball
1-0: Ball
2-0: Ball
3-0: Called Strike
3-1: SINGLE (Line Drive, 6MD)
Pitching: RHP Rex Hood
Batting: LHB Héctor Torres 0-0: Called Strike
0-1: Ball
1-1: Swinging Strike
1-2: Ball
2-2: Ball
3-2: Strikes out swinging
Batting: RHB Jesús Rodríguez 0-0: Ball
1-0: SINGLE (Groundball, 56D)
Cliff Aldridge to second
Batting: RHB Russell Jackson 0-0: Ball
1-0: Foul Ball, location: 2F
1-1: Ball
2-1: Foul Ball, location: 2F
2-2: Ball
3-2: Base on Balls
Cliff Aldridge to third
Jesús Rodríguez to second
Batting: RHB António Granados 0-0: Ball
1-0: Foul Ball, location: 2F
1-1: Ball
2-1: Ball
3-1: Ground out 1-3 (Groundball, 15S)
Bottom of the 8th over - 0 run(s), 2 hit(s), 0 error(s), 3 left on base; Seattle 2 - Philadelphia 1776 1
TOP OF THE 9TH
Seattle Aviators batting - Pitching for Philadelphia 1776 BC : LHP Luis Torres
Batting: LHB Brad Lawrence 0-0: Ball
1-0: Ball
2-0: Ball
3-0: Base on Balls
Batting: RHB Brian Williams 0-0: Ball
1-0: Called Strike
1-1: Called Strike
1-2: Grounds into double play, 6-4-3 (Groundball, 6M)
Batting: RHB Kenzaburo Hori 0-0: Ground out 6-3 (Groundball, 6M)
Top of the 9th over - 0 run(s), 0 hit(s), 0 error(s), 0 left on base; Seattle 2 - Philadelphia 1776 1
BOTTOM OF THE 9TH
Philadelphia 1776 BC batting - Pitching for Seattle Aviators : RHP Rex Hood
Pitching: RHP Ken Hinkle
Batting: RHB Patrizio Vanali 0-0: Ball
1-0: SOLO HOME RUN (Flyball, 89XD), Distance : 418 ft
Batting: SHB Jesús Cabañe 0-0: Ground out 4-3 (Groundball, 4M)
Batting: RHB Dave Morris 0-0: Called Strike
0-1: Ball
1-1: Ball
2-1: Foul Ball, location: 2F
2-2: SINGLE (Flyball, 9LS)
Batting: RHB Jesús Orozco 0-0: Called Strike
0-1: Ball
1-1: Ground out 5-3 (Groundball, 56)
Dave Morris to second
Batting: LHB Cliff Aldridge 0-0: Ball
1-0: Ball
2-0: Called Strike
2-1: Ball
3-1: SINGLE (Line Drive, 78M)
Dave Morris to third
Batting: LHB Héctor Torres 0-0: Called Strike
0-1: Foul Ball, location: 2F
0-2: Ball
Cliff Aldridge steals 2nd base
1-2: 3-RUN HOME RUN (Flyball, 9LD), Distance : 341 ft
This league is powered by Out of the Park Baseball, the baseball management simulation game for PC, Mac and Linux
Monday, October 3rd, 2016 - OOTP Baseball 16.9 Build 39